 Dungeon Crawl Stone Soup version 0.29-a0-506-ga2e7fffb44 (webtiles) character file.

Game seed: 15431055246493582484

185 kyalle the Conjurer (level 5, 0/35 HPs)
             Began as a Human Conjurer on May 28, 2022.
             Was a Follower of Okawaru.
             Slain by an orc
             ... wielding a +0 flail
              (7 damage)
             ... on level 2 of the Dungeon.
             The game lasted 00:30:43 (4238 turns).

kyalle the Conjurer (Human Conjurer)                Turns: 4238, Time: 00:30:44

Health: 0/35       AC:  4    Str:  8    XL:     5   Next: 96%
Magic:  5/10       EV: 12    Int: 26    God:    Okawaru [*.....]
Gold:   213        SH:  0    Dex: 11    Spells: 1/10 levels left

rFire   . . .      SeeInvis .   u - +2 dagger (pain)
rCold   . . .      Faith    .   (no shield)
rNeg    . . .      Spirit   .   l - +0 robe
rPois   .          Reflect  .   (no helmet)
rElec   .          Harm     .   i - +1 cloak
rCorr   .          Rampage  .   (no gloves)
Will    .....                   (no boots)
Stlth   ++........              (no amulet)
HPRegen 0.11/turn               d - +6 ring of intelligence
MPRegen 0.12/turn               (no ring)

@: very slightly contaminated
A: no striking features
a: Renounce Religion, Heroism


You were on level 2 of the Dungeon.
You worshipped Okawaru.
Okawaru was aware of your devotion.
You visited 1 branch of the dungeon, and saw 3 of its levels.

You collected 915 gold pieces.
You spent 702 gold pieces at shops.

Inventory:

Hand Weapons
 u - a +2 dagger of pain (weapon)
Missiles
 n - 2 poisoned darts
 p - 6 boomerangs of dispersal
Armour
 a - a +0 robe
 i - a +1 cloak (worn)
 l - a +0 robe (worn)
Jewellery
 d - a +6 ring of intelligence (left hand)
Scrolls
 j - a scroll of poison
 s - 3 scrolls of magic mapping
Potions
 b - a potion of magic
 f - a potion of heal wounds {unknown}
 g - 2 potions of flight
 m - a potion of berserk rage
 o - 2 potions of lignification


   Skills:
 + Level 3.2 Dodging
 + Level 3.3 Stealth
 * Level 3.3 Spellcasting
 + Level 4.7 Conjurations


You had one spell level left.
You knew the following spells:

 Your Spells              Type           Power      Damage    Failure   Level
a - Magic Dart            Conj           100%       1d8       1%          1
b - Fulminant Prism       Conj/Hex       8%         3d7       34%         4
c - Iskenderun's Mystic   Conj/Tloc      16%        2d5       34%         4

Your spell library contained the following spells:

 Spells                   Type           Power      Damage    Failure   Level
 Searing Ray              Conj           56%        2d6       1%          2
 Dazzling Flash           Conj/Hex       32%        N/A       11%         3


Dungeon Overview and Level Annotations

Branches:
Dungeon (3/15)

Altars:
Okawaru

Shops:
D:1 =


Message History

You conjure a prism of explosive energy!
A fulminant prism comes into view.
Your fulminant prism crackles loudly.
Your fulminant prism explodes!
There is a stone staircase leading down here.
You climb downwards.
You hear the sound of rushing water.
There is an entrance to a sewer on this level.
Hurry and find it before the portal rusts away!
You hear the brisk rusting of a drain nearby.
The bat closely misses you. The orc hits you but does no damage.
There is a stone staircase leading up, spattered with blood here.
Casting: Fulminant Prism (extremely dangerous; 34% risk of failure)
Confirm with . or Enter, or press ? or * to list all spells.
You don't know that spell.
Casting: Fulminant Prism (extremely dangerous; 34% risk of failure)
Confirm with . or Enter, or press ? or * to list all spells.
You don't know that spell.
The bat hits you but does no damage. The orc barely misses you.
Casting: Fulminant Prism (extremely dangerous; 34% risk of failure)
Confirm with . or Enter, or press ? or * to list all spells.
The spell is extremely dangerous to miscast (34% risk of failure)!
Continue anyway?
Aiming: Fulminant Prism (extremely dangerous; 34% risk of failure)
Press: ? - help, Dir - move target You miscast Fulminant Prism.
You are very lightly contaminated with residual magic.
Energy rips through your body! The bat closely misses you.
The bat hits you but does no damage. The orc misses you.
You barely miss the bat. The bat barely misses you.
The orc hits you with a +0 flail. The orc hits you but does no damage.
The orc attacks as you move away! The orc hits you with a +0 mace.
The bat closely misses you. The orc hits you with a +0 flail.
* * * LOW HITPOINT WARNING * * *
There is a stone staircase leading up, spattered with blood here.
The bat barely misses you. The orc hits you but does no damage.
The orc closely misses you.
You climb upwards.
There is a stone staircase leading down here.
The orc misses you. The orc attacks as you move away!
The orc hits you with a +0 flail!
You die...

....##.#######...##....####.#.#.#
....##+### #...##....# #.#.#.#
.........# #...##....####.#.#.#
.........# #.#.##..............
###......#####...##...#####.#.#.#
#......#...##..##...# #.#.#.#
#......#...##..##...# #)#.#..
#..............##...# #.#.###
###.......#####.@##...# #.#.#
...............oo##...# #.#.#
................).#...# #.#.#
......###.######..###.# #.#.#
####### #.# #..# #.# #.#.#
#########.######..###.#####.#.###
.................................
###........)...)........(.....###
###.#####.#######.###..####.###


You could see 2 orcs.

Vanquished Creatures
  An orc priest (D:2)
  An iguana (D:2)
  A gnoll (D:1)
  6 adders (D:2)
  A worm (D:2)
  3 dart slugs
  An orc (D:2)
  6 ball pythons
  5 endoplasms
  A giant cockroach (D:1)
  5 goblins
  3 hobgoblins (D:2)
  2 jackals (D:2)
  10 kobolds
  A quokka (D:1)
  2 bats
  10 frilled lizards
  3 rats
62 creatures vanquished.

Vanquished Creatures (others)
  A fulminant prism (D:2)
  A plant (D:2)
2 creatures vanquished.

Grand Total: 64 creatures vanquished

Notes
Turn   | Place    | Note
-------+----------+-------------------------------------------
     0 | D:1      | kyalle the Human Conjurer began the quest for the Orb.
     0 | D:1      | Reached XP level 1. HP: 13/13 MP: 3/3
   219 | D:1      | Reached XP level 2. HP: 19/19 MP: 3/5
   446 | D:1      | Found Foeschos's Jewellery Shoppe.
   573 | D:1      | Reached XP level 3. HP: 24/24 MP: 0/6
   913 | D:1      | Found a faded altar of an unknown god.
   920 | D:1      | Prayed at the altar of an unknown god.
   920 | D:1      | Became a worshipper of Warmaster Okawaru
   920 | D:1      | Reached * piety under Okawaru
  2126 | D:2      | Identified a scroll of acquirement
  2126 | D:2      | Acquired 828 gold pieces
  2158 | D:1      | Bought a +6 ring of intelligence for 702 gold pieces
  2267 | D:2      | Reached XP level 4. HP: 30/30 MP: 0/7
  2555 | D:2      | Learned a level 4 spell: Fulminant Prism
  3037 | D:2      | Reached XP level 5. HP: 35/35 MP: 6/9
  3962 | D:3      | Found an iron altar of Okawaru.
  4210 | D:2      | Learned a level 4 spell: Iskenderun's Mystic Blast
  4238 | D:2      | Slain by an orc

Illustrated notes

Levels and vault maps discovered:
D:1:      dpeg_arrival_more_subterranean_lakeside_camping, layout_basic,
          serial_shops, nicolae_shop_temple_entry_statues_fountains,
          dilly_ecumenical_altar_fadedgnrine, amcnicky_mini_corridor_feature,
          roderic_serpentine_path, minmay_lizard_pond
D:2:      layout_basic, serial_bayou_pond_b, kennysheep_generic_room_4
D:3:      layout_loops_cross, mainiacjoe_overflow_cross_hatched,
          gup_sewer_entry_glass

Skill      XL: |  1  2  3  4  5 |
---------------+----------------+-----
Stealth        | 3 |  3.3
Dodging        | 3 |  3.2
Spellcasting   | 3 |  3.3
Conjurations   | |  4.7

Action                   |  1- 3 |  4- 6 || total
-------------------------+-------+-------++-------
Melee: Unarmed           |     2 |       ||     2
       Whip              |       |     1 ||     1
       Dagger            |       |     3 ||     3
 Cast: Magic Dart        |    58 |    92 ||   150
       Fulminant Prism   |       |     1 ||     1
  Use: Scroll            |     7 |     6 ||    13
Armor: Robe              |     4 |    21 ||    25
Dodge: Dodged            |     8 |    60 ||    68

Table legend: (Time is in decaauts)
 A = Elapsed time spent in this place.
 B = Non-inter-level travel time spent in this place.
 C = Inter-level travel time spent in this place.
 D = Time resting spent in this place.
 E = Time spent auto-exploring this place.
 F = Levels seen in this place.
 G = Mean time per level.
                   A        B        C        D        E       F      G
               +--------+--------+--------+--------+--------+-----+--------+
         Total |   4244 |   3925 |    319 |    404 |   2535 |   3 | 1414.7 |
       Dungeon |   4244 |   3925 |    319 |    404 |   2535 |   3 | 1414.7 |
               +--------+--------+--------+--------+--------+-----+--------+

Top non-repeatable levels by time:
     D:1: 2169 daAuts
     D:2: 2038 daAuts
     D:3: 36 daAuts
